 Dungeon Crawl Stone Soup version 0.26-a0-412-ga3d1f51b (webtiles) character file.

Game seed: 2814184881270992919

188 Crimsoncloak the Cleaver (level 5, -7/41 HPs)
             Began as a Gnoll Wanderer on July 24, 2020.
             Mangled by an ogre
             ... wielding a +0 giant spiked club
              (19 damage)
             ... on level 4 of the Dungeon.
             The game lasted 00:04:41 (3222 turns).

Crimsoncloak the Cleaver (Gnoll Wanderer)           Turns: 3222, Time: 00:04:42

Health: -7/41      AC:  7    Str: 17    XL:     5   Next: 67%
Magic:  7/7        EV: 11    Int: 13    God:
Gold:   107        SH:  0    Dex: 14    Spells: 7/7 levels left

rFire    . . .     SeeInvis .   a - +0 hand axe
rCold    . . .     Faith    .   (no shield)
rNeg     . . .     Spirit   .   m - +0 scale mail
rPois    .         Reflect  .   (no helmet)
rElec    .         Harm     .   (no cloak)
rCorr    .                      (no gloves)
MR       .....                  l - +0 pair of boots
Stlth    +.........             (no amulet)
HPRegen  0.13/turn              (no ring)
MPRegen  0.10/turn              (no ring)

@: lethally poisoned (-7 -> -12)
A: distributed training, fangs 1, strong nose
a: no special abilities


You were on level 4 of the Dungeon.
You visited 1 branch of the dungeon, and saw 5 of its levels.

You collected 107 gold pieces.

Inventory:

Hand Weapons
 a - a +0 hand axe (weapon)
Missiles
 i - 28 stones (quivered)
Armour
 l - a +0 pair of boots (worn)
 m - a +0 scale mail (worn)
Jewellery
 b - an uncursed amulet of the acrobat {unknown}
 g - an uncursed ring of protection from cold
Scrolls
 d - a scroll of enchant weapon {unknown}
 f - 3 scrolls of remove curse
 h - 3 scrolls of identify {unknown}
 j - a scroll of blinking {unknown}
 k - a scroll of enchant armour {unknown}
 o - a scroll of fear {unknown}
 p - a scroll of magic mapping {unknown}
Potions
 c - a potion of lignification
 e - a potion of might {unknown}
 n - a potion of flight


   Skills:
 + Level 3.0 Fighting
 + Level 1.6 Short Blades
 + Level 1.6 Long Blades
 + Level 8.6 Axes
 + Level 1.6 Maces & Flails
 + Level 1.6 Polearms
 + Level 1.6 Staves
 + Level 1.6 Slings
 + Level 1.6 Bows
 + Level 1.6 Crossbows
 + Level 3.0 Throwing
 + Level 1.6 Armour
 + Level 3.0 Dodging
 + Level 4.4 Stealth
 + Level 1.6 Shields
 + Level 3.0 Unarmed Combat
 + Level 1.6 Spellcasting
 + Level 1.2 Conjurations
 + Level 1.2 Hexes
 + Level 1.2 Summonings
 + Level 1.2 Necromancy
 + Level 1.2 Translocations
 + Level 1.2 Transmutations
 + Level 1.2 Fire Magic
 + Level 1.2 Ice Magic
 + Level 1.2 Air Magic
 + Level 1.2 Earth Magic
 + Level 1.2 Poison Magic
 + Level 1.8 Invocations
 + Level 1.6 Evocations


You had 7 spell levels left.
You didn't know any spells.
Your spell library was empty.

Dungeon Overview and Level Annotations

Branches:
Dungeon (5/15)
 Temple: D:4-7

Altars:
Dithmenos
Kikubaaqudgha
Makhleb
Sif Muna
The Shining One


Innate Abilities, Weirdness & Mutations

Your experience applies equally to all skills.
You have very sharp teeth.
Your uncanny sense of smell can sniff out nearby items.


Message History

You completely miss the ball python.
You feel sick. The ball python barely misses you. The ball python grabs you.
The ball python constricts you. The worker ant bites you.
You hit the worker ant but do no damage.
The worker ant is lightly wounded.
You hit the ball python.
You kill the ball python!
You feel sick. The worker ant closely misses you.
You hit the worker ant. You bite the worker ant.
The worker ant is heavily wounded.
You barely miss the ogre.
You feel sick.
The ogre hits you with a +0 giant spiked club!
The worker ant bites you.
You closely miss the worker ant.
You bite the worker ant, but do no damage.
The worker ant is heavily wounded.
You hit the ogre. The worker ant bites you.
* * * LOW HITPOINT WARNING * * *
The ogre hits you with a +0 giant spiked club!!
You die...

#####
#...#########
#...O@a......
#..####.###.#
#..####.##
#.S.......
#..##.###.
#.........
#..##.#.##
#..##.....
#.....#.#.


You could see an ogre and a worker ant.

Vanquished Creatures
  Terence (D:2)
  Natasha (thrice) (D:2)
  4 adders
  A white imp (D:3)
  An ooze (D:3)
  A worm (D:2)
  A leopard gecko (D:1)
  An orc (D:3)
  4 bats
  3 giant cockroaches
  3 goblins
  5 hobgoblins
  2 kobolds (D:2)
  2 ball pythons
  3 frilled lizards
  A quokka skeleton (D:4)
  8 rats
44 creatures vanquished.

Notes
Turn   | Place    | Note
-------+----------+-------------------------------------------
     0 | D:1      | Crimsoncloak the Gnoll Wanderer began the quest for the
                  | Orb.
     0 | D:1      | Crimsoncloak set off with the following items: a +0 hand
                  | axe, a +2 leather armour, a potion of lignification, a +0
                  | dagger
     0 | D:1      | Reached XP level 1. HP: 17/17 MP: 1/1
   360 | D:1      | Reached XP level 2. HP: 23/23 MP: 2/2
   715 | D:2      | Reached XP level 3. HP: 10/28 MP: 3/3
  1237 | D:2      | Noticed Terence
  1253 | D:2      | Killed Terence
  1253 | D:2      | Reached skill level 1 in Short Blades
  1253 | D:2      | Reached skill level 1 in Long Blades
  1253 | D:2      | Reached skill level 1 in Maces & Flails
  1253 | D:2      | Reached skill level 1 in Polearms
  1253 | D:2      | Reached skill level 1 in Staves
  1253 | D:2      | Reached skill level 1 in Slings
  1253 | D:2      | Reached skill level 1 in Bows
  1253 | D:2      | Reached skill level 1 in Crossbows
  1253 | D:2      | Reached skill level 1 in Armour
  1253 | D:2      | Reached skill level 1 in Shields
  1253 | D:2      | Reached skill level 1 in Spellcasting
  1253 | D:2      | Reached skill level 1 in Invocations
  1253 | D:2      | Reached skill level 1 in Evocations
  1385 | D:2      | Reached XP level 4. HP: 34/34 MP: 5/5
  1601 | D:2      | Noticed Natasha
  1610 | D:2      | Killed Natasha
  1610 | D:2      | Reached skill level 1 in Conjurations
  1610 | D:2      | Reached skill level 1 in Hexes
  1610 | D:2      | Reached skill level 1 in Summonings
  1610 | D:2      | Reached skill level 1 in Necromancy
  1610 | D:2      | Reached skill level 1 in Translocations
  1610 | D:2      | Reached skill level 1 in Transmutations
  1610 | D:2      | Reached skill level 1 in Fire Magic
  1610 | D:2      | Reached skill level 1 in Ice Magic
  1610 | D:2      | Reached skill level 1 in Air Magic
  1610 | D:2      | Reached skill level 1 in Earth Magic
  1610 | D:2      | Reached skill level 1 in Poison Magic
  1882 | D:2      | Noticed Natasha
  1904 | D:2      | Killed Natasha
  2046 | D:2      | Noticed Natasha
  2060 | D:2      | Killed Natasha
  2060 | D:2      | Reached XP level 5. HP: 12/40 MP: 5/7
  2452 | D:3      | Found a burning altar of Makhleb.
  2455 | D:3      | Found a shimmering blue altar of Sif Muna.
  2530 | D:3      | Found a glowing golden altar of the Shining One.
  2946 | D:3      | Found an ancient bone altar of Kikubaaqudgha.
  2949 | D:3      | You fall into a shaft and drop 2 floors!
  2949 | D:5      | Entered Level 5 of the Dungeon
  2960 | D:5      | Found a shadowy altar of Dithmenos.
  3164 | D:5      | Noticed an ogre
  3222 | D:4      | Mangled by an ogre

Illustrated notes

Levels and vault maps discovered:
D:1:      dpeg_arrival_more_subterranean_lakeside_camping, layout_basic
D:2:      layout_rooms, kennysheep_generic_room_14, uniq_natasha, uniq_terence
D:3:      layout_rooms, nicolae_overflow_crystal_walls,
          grunt_temple_overflow_open, cheibrodos_sewer_entry_bend
D:4:      layout_basic, nicolae_qazlal_eye_of_the_storm,
          lemuel_coloured_pillars_altar, minmay_diced_spiral, uniq_ijyb
D:5:      layout_layer_cave, okawaru_metal_pillars_3,
          nicolae_dithmenos_shadow_blocks, minmay_increasing_density

Skill      XL: |  1  2  3  4  5 |
---------------+----------------+-----
Short Blades   | 1 |  1.6
Long Blades    | 1 |  1.6
Maces & Flails | 1 |  1.6
Polearms       | 1 |  1.6
Staves         | 1 |  1.6
Slings         | 1 |  1.6
Bows           | 1 |  1.6
Crossbows      | 1 |  1.6
Armour         | 1 |  1.6
Shields        | 1 |  1.6
Spellcasting   | 1 |  1.6
Invocations    | 1 |  1.8
Evocations     | 1 |  1.6
Conjurations   | 1 |  1.2
Hexes          | 1 |  1.2
Summonings     | 1 |  1.2
Necromancy     | 1 |  1.2
Translocations | 1 |  1.2
Transmutations | 1 |  1.2
Fire Magic     | 1 |  1.2
Ice Magic      | 1 |  1.2
Air Magic      | 1 |  1.2
Earth Magic    | 1 |  1.2
Poison Magic   | 1 |  1.2
Fighting       | 3 |  3.0
Throwing       | 3 |  3.0
Dodging        | 3 |  3.0
Unarmed Combat | 3 |  3.0
Axes           | |  8.6
Stealth        | |  4.4

Action                   |  1- 3 |  4- 6 || total
-------------------------+-------+-------++-------
Melee: Hand axe          |    75 |   104 ||   179
       Bite              |     6 |    11 ||    17
       Punch             |       |     1 ||     1
  Use: Potion            |       |     3 ||     3
       Scroll            |       |     1 ||     1
 Stab: Sleeping          |     3 |     2 ||     5
Armor: Leather armour    |    16 |     4 ||    20
       Scale mail        |       |    18 ||    18
Dodge: Dodged            |    44 |    65 ||   109

Table legend: (Time is in decaauts)
 A = Elapsed time spent in this place.
 B = Non-inter-level travel time spent in this place.
 C = Inter-level travel time spent in this place.
 D = Time resting spent in this place.
 E = Time spent auto-exploring this place.
 F = Levels seen in this place.
 G = Mean time per level.
                   A        B        C        D        E       F      G
               +--------+--------+--------+--------+--------+-----+--------+
         Total |   3180 |   3148 |     32 |   1192 |   1194 |   5 |  636.0 |
       Dungeon |   3180 |   3148 |     32 |   1192 |   1194 |   5 |  636.0 |
               +--------+--------+--------+--------+--------+-----+--------+

Top non-repeatable levels by time:
     D:2: 1781 daAuts
     D:1: 589 daAuts
     D:3: 539 daAuts
     D:5: 222 daAuts
     D:4: 48 daAuts
